 Dungeon Sprint DCSS version 0.17-a0-1863-g715b4b0 (webtiles) character file.

59 luca467 the Skirmisher (level 3, 31/31 HPs)
             Began as a Mummy Fighter on Sept 20, 2015.
             Was an Initiate of Okawaru.
             Quit the game in the Dungeon (Sprint IX: "|||||||||||||||||||||||||||||").
             The game lasted 00:01:33 (364 turns).

luca467 the Skirmisher (Mummy Fighter)               Turns: 364, Time: 00:01:34

Health: 31/31      AC:  6    Str: 20    XL:     3   Next: 78%
Magic:  3/3        EV:  7    Int:  7    God:    Okawaru [......]
Gold:   0          SH:  9    Dex: 11    Spells: 0 memorised, 2 levels left

rFire  x . .     SeeInvis .     a - +0 flail
rCold  + . .     Clarity  .     b - +0 scale mail
rNeg   + + +     SustAt   .     c - +0 shield
rPois  ∞         Gourm    .     (no helmet)
rElec  .         Spirit   .     (no cloak)
rCorr  .         Warding  .     (no gloves)
rMut   .         NoTele   +     (no boots)
MR     .....                    (no amulet)
Stlth  ..........               (no ring)
                                (no ring)

@: not resistant to hostile enchantments, extremely unstealthy
A: no food or potions, fire vulnerability, cold resistance 1, negative energy
resistance 3, torment resistance, unbreathing
a: Renounce Religion


You were in the Dungeon.
You worshipped Okawaru.
Okawaru was noncommittal.
You were not hungry.

You visited 1 branch

Inventory:

Hand weapons
 a - a +0 flail (weapon)
Armour
 b - a +0 scale mail (worn)
 c - a +0 shield (worn)
Magical staves
 h - an uncursed staff of energy
Magical devices
 g - a wand of fire (7)
Scrolls
 d - 2 scrolls of blinking
 e - 3 scrolls of remove curse
 f - 2 scrolls of amnesia


   Skills:
 + Level 4.3 Fighting
 * Level 4.2 Maces & Flails
 + Level 3.6 Armour
 + Level 3.6 Shields


You had 2 spell levels left.
You didn't know any spells.

Dungeon Overview and Level Annotations

Branches:
Dungeon (1/1)

Altars:
Cheibriados
Dithmenos
Elyvilon
Fedhas
Gozag
Kikubaaqudgha
Makhleb
Nemelex Xobeh
Okawaru
Qazlal
Ru
Sif Muna
Trog
Vehumet
Xom
Yredelemnul
Zin
The Shining One
Beogh
Jiyva
Lugonu


Innate Abilities, Weirdness & Mutations

You do not eat or drink.
Your flesh is vulnerable to fire.
You are immune to poison.
Your flesh is cold resistant.
You are immune to negative energy.
You are immune to unholy pain and torment.
You can survive without breathing.


Message History

There is an open door here.
Found a +2 ring of evasion.
Items here: !!!! 2 potions of magic; a potion of invisibility; 2 potions of heal wounds 4 potions of curing
Found a +3 ring of dexterity.
e - 3 scrolls of remove curse;
f - 2 scrolls of amnesia
d - 2 scrolls of blinking (gained 1)
g - a wand of fire (7)
You see here an uncursed staff of energy.
h - an uncursed staff of energy
Items here: ))))))
Okay, then.
You see here a +0 pair of gloves.
You see here a +0 naga barding.
You see here a +2 ring mail.
Unknown command.
Quiver which item? (- for none, * to show all) (? for menu, Esc to quit)
Okay, then.
Are you sure you want to abandon this character and quit the game? (Confirm with "yes".) ▓▓▓▓▓▓▓▓▓▓▓▓▓▓▓▓▓▓▓▓ +==@[[)..!'_________ ▓▓▓▓▓▓▓▓▓▓▓▓▓▓▓▓▓▓▓▓

There were no monsters in sight!

Vanquished Creatures
  2 worker ants (D)
  2 orcs (D)
  A bat (D)
  A giant cockroach (D)
  A giant newt (D)
  A jackal (D)
  2 rats (D)
10 creatures vanquished.

Notes
Turn   | Place    | Note
--------------------------------------------------------------
     0 | D        | luca467 the Mummy Fighter began the quest for the Orb.
     0 | D        | Reached XP level 1. HP: 18/18 MP: 1/1
    30 | D        | Noticed a worker ant
    30 | D        | Noticed a worker ant
    50 | D        | Reached XP level 2. HP: 13/24 MP: 2/2
    55 | D        | Killed a worker ant
    55 | D        | Reached XP level 3. HP: 15/30 MP: 3/3
    70 | D        | Killed a worker ant
    70 | D        | Reached skill level 4 in Fighting
   328 | D        | Found a glowing silver altar of Zin.
   328 | D        | Found a glowing golden altar of the Shining One.
   328 | D        | Found an ancient bone altar of Kikubaaqudgha.
   328 | D        | Found a basalt altar of Yredelemnul.
   328 | D        | Found a shimmering altar of Xom.
   328 | D        | Found a radiant altar of Vehumet.
   329 | D        | Found an iron altar of Okawaru.
   330 | D        | Found a burning altar of Makhleb.
   331 | D        | Found a deep blue altar of Sif Muna.
   332 | D        | Found a bloodstained altar of Trog.
   333 | D        | Found a sparkling altar of Nemelex Xobeh.
   334 | D        | Found a white marble altar of Elyvilon.
   335 | D        | Found a roughly hewn altar of Beogh.
   336 | D        | Found a viscous altar of Jiyva.
   337 | D        | Became a worshipper of Warmaster Okawaru
   338 | D        | Found a corrupted altar of Lugonu.
   339 | D        | Found a blossoming altar of Fedhas.
   340 | D        | Found a snail-covered altar of Cheibriados.
   341 | D        | Found a shadowy altar of Dithmenos.
   342 | D        | Found a stormy altar of Qazlal.
   343 | D        | Found an opulent altar of Gozag.
   344 | D        | Found a sacrificial altar of Ru.
   364 | D        | Quit the game

Vault maps used:
D:        linesprint

Action                   || total
-------------------------++-------
Melee: Flail             ||    42
